 Dungeon Crawl Stone Soup version 0.29-a0-43-g62a80824bf (webtiles) character file.

Game seed: 2127244773490968276

30 soggyman666 the Firebug (level 3, -1/26 HPs)
             Began as a Draconian Fire Elementalist on Feb 2, 2022.
             Slain by an adder (3 damage)
             ... on level 2 of the Dungeon.
             The game lasted 00:03:37 (1190 turns).

soggyman666 the Firebug (DrFE)                      Turns: 1190, Time: 00:03:37

Health: -1/26      AC:  5    Str: 10    XL:     3   Next: 5%
Magic:  2/6        EV: 12    Int: 17    God:
Gold:   63         SH:  0    Dex: 11    Spells: 5/6 levels left

rFire   . . .      SeeInvis .   b - +0 whip
rCold   . . .      Faith    .   (no shield)
rNeg    . . .      Spirit   .   (armour unavailable)
rPois   .          Reflect  .   (helmet restricted)
rElec   .          Harm     .   (no cloak)
rCorr   .          Rampage  .   (no gloves)
Will    .....                   (no boots)
Stlth   ++........              (no amulet)
HPRegen 0.08/turn               (no ring)
MPRegen 0.10/turn               (no ring)

@: lethally poisoned (-1 -> -3), slowed, very slow
A: AC +5, unfitting armour, cold-blooded
a: no special abilities


You were on level 2 of the Dungeon.
You visited 1 branch of the dungeon, and saw 2 of its levels.

You collected 63 gold pieces.

Inventory:

Hand Weapons
 b - a +0 whip (weapon)
Scrolls
 d - a scroll of amnesia {unknown}
Potions
 a - a potion of mutation {unknown}
 c - 2 potions of heal wounds


   Skills:
 + Level 0.6 Maces & Flails
 + Level 1.9 Dodging
 + Level 2.0 Stealth
 + Level 2.3 Spellcasting
 + Level 1.2 Conjurations
 + Level 3.5 Fire Magic


You had 5 spell levels left.
You knew the following spells:

 Your Spells              Type           Power      Damage    Failure   Level
a - Foxfire               Conj/Fire      40%        2x1d6     7%          1

Your spell library contained the following spells:

 Spells                   Type           Power      Damage    Failure   Level
 Scorch                   Fire           26%        2d6       7%          2
 Animate Skeleton         Necr           2%         N/A       19%         1
 Pain                     Necr           4%         1d4       19%         1
 Conjure Flame            Conj/Fire      10%        6-21      22%         3
 Inner Flame              Hex/Fire       7%         N/A       26%         3
 Vampiric Draining        Necr           1%         2d6       50%         3
 Flame Wave               Conj/Fire      10%        2d5       56%         4


Dungeon Overview and Level Annotations

Branches:
Dungeon (2/15)

Altars:


Innate Abilities, Weirdness & Mutations

Your plain brown scales are hard. (AC +5)
You cannot fit into any form of body armour.
You are cold-blooded and may be slowed by cold attacks.


Message History

You hit the adder.
The adder is heavily wounded.
The adder bites you but does no damage. The rat barely misses you.
The rat twitches its whiskers.
The rat bites you but does no damage.
You closely miss the adder.
Your tail-slap misses the adder.
The adder is heavily wounded.
The adder closely misses you.
The endoplasm jiggles.
The endoplasm hits you but does no damage.
The rat barely misses you. The rat completely misses you.
You closely miss the adder.
Your tail-slap misses the adder.
The adder is heavily wounded.
The adder barely misses you. The endoplasm freezes you.
You are frozen.
You feel yourself slow down. The rat bites you. The rat closely misses you.
The adder bites you but does no damage.
You barely miss the adder.
The adder is heavily wounded.
The endoplasm freezes you.
You are frozen.
The adder closely misses you. The rat bites you. The rat barely misses you.
The endoplasm freezes you.
You are frozen.
* * * LOW HITPOINT WARNING * * *
You feel as though you will be slow longer.
The adder misses you. The rat bites you but does no damage.
You are too injured to fight recklessly!
You are too injured to fight recklessly!
The adder bites you but does no damage. The rat barely misses you.
The rat bites you but does no damage. The adder bites you.
* * * LOW HITPOINT WARNING * * *
You are lethally poisoned!
The adder poisons you!
Sorry, you're not good enough to have a special ability.
Unknown command.
Found a scroll labelled SOVEPS CYQOSI.
* * * LOW HITPOINT WARNING * * *
You feel sick. The adder bites you.
You die...

##### .........
#.#.... #........
#......##........
#.......#.#......
#.......#........
#.......#........
...............#
....)..rS......#
.......@rJ##...#
.....<..#........
.....†..#........
?...........!...
......####......
...... ......
####.. ...... .(.
######


You could see an adder, an endoplasm and 2 rats.

Vanquished Creatures
  4 ball pythons (D:1)
  6 bats
  5 endoplasms
  2 goblins (D:1)
  A hobgoblin (D:2)
  3 jackals (D:1)
  3 kobolds
  3 rats (D:1)
27 creatures vanquished.

Vanquished Creatures (others)
  54 foxfires
54 creatures vanquished.

Grand Total: 81 creatures vanquished

Notes
Turn   | Place    | Note
-------+----------+-------------------------------------------
     0 | D:1      | soggyman666 the Draconian Fire Elementalist began the quest
                  | for the Orb.
     0 | D:1      | Reached XP level 1. HP: 14/14 MP: 3/3
   160 | D:1      | Reached XP level 2. HP: 20/20 MP: 0/5
   518 | D:1      | Found a faded altar of an unknown god.
  1176 | D:2      | Reached XP level 3. HP: 26/26 MP: 0/6
  1190 | D:2      | Slain by an adder

Illustrated notes

Levels and vault maps discovered:
D:1:      lightli_arrival_windingriver, layout_basic,
          hellmonk_ecumenical_altar_run_dry, bh_walls_and_bars
D:2:      layout_rooms, item_on_display_a

Skill      XL: |  1  2 |
---------------+-------+-----
Stealth        | 2 |  2.0
Maces & Flails | |  0.6
Dodging        | |  1.9
Spellcasting   | |  2.3
Conjurations   | |  1.2
Fire Magic     | |  3.5

Action                   || total
-------------------------++-------
Melee: Whip              ||    38
       Tailslap          ||     2
 Cast: Foxfire           ||    31
  Use: Scroll            ||     2
Armor: Skin              ||    31
Dodge: Dodged            ||    43

Table legend: (Time is in decaauts)
 A = Elapsed time spent in this place.
 B = Non-inter-level travel time spent in this place.
 C = Inter-level travel time spent in this place.
 D = Time resting spent in this place.
 E = Time spent auto-exploring this place.
 F = Levels seen in this place.
 G = Mean time per level.
                   A        B        C        D        E       F      G
               +--------+--------+--------+--------+--------+-----+--------+
         Total |   1197 |   1109 |     88 |    145 |    771 |   2 |  598.5 |
       Dungeon |   1197 |   1109 |     88 |    145 |    771 |   2 |  598.5 |
               +--------+--------+--------+--------+--------+-----+--------+

Top non-repeatable levels by time:
     D:1: 1171 daAuts
     D:2: 25 daAuts
